 Dungeon Crawl Stone Soup version 0.19.5 (webtiles) character file.

95 JeffiDaFish the Firebug (level 4, -5/34 HPs)
             Began as a Draconian Fire Elementalist on Sept 12, 2017.
             Killed by nerve-wracking pain
             ... invoked by Grinder
              (13 damage)
             ... on level 3 of the Dungeon.
             The game lasted 00:06:30 (2088 turns).

JeffiDaFish the Firebug (DrFE)                      Turns: 2088, Time: 00:06:31

Health: -5/34      AC:  5    Str: 10    XL:     4   Next: 40%
Magic:  1/7        EV: 18    Int: 15    God:
Gold:   170        SH:  0    Dex: 18    Spells: 3 memorised, 1 level left

rFire  . . .     SeeInvis .     h - +1 spear
rCold  . . .     Gourm    .     (armour unavailable)
rNeg   . . .     Faith    .     (no shield)
rPois  .         Spirit   .     (helmet restricted)
rElec  .         Reflect  .     (no cloak)
rCorr  .         Harm     .     (no gloves)
MR     .....                    (no boots)
Stlth  +++.......               (no amulet)
                                (no ring)
                                (no ring)

@: agile, very slightly contaminated
A: unfitting armour, cold-blooded, AC +5
a: no special abilities


You were on level 3 of the Dungeon.
You were not hungry.

You visited 1 branch of the dungeon, and saw 3 of its levels.

You collected 170 gold pieces.

Inventory:

Hand Weapons
 h - a +1 spear (weapon)
Scrolls
 c - a scroll of remove curse
Books
 a - a book of Flames

   Spells                             Type                      Level
   a - Flame Tongue                   Conjuration/Fire             1
   b - Throw Flame                    Conjuration/Fire             2
   c - Conjure Flame                  Conjuration/Fire             3
   d - Inner Flame                    Hexes/Fire                   3
   e - Sticky Flame                   Conjuration/Fire             4
   f - Fireball                       Conjuration/Fire             5
Comestibles
 b - 3 bread rations
 d - 6 chunks of flesh
 f - a beef jerky
 g - a meat ration


   Skills:
 + Level 0.9 Fighting
   Level 0.2 Short Blades
 + Level 0.4 Polearms
 * Level 2.5 Dodging
 - Level 1.7 Stealth
 - Level 0.2 Unarmed Combat
 * Level 2.5 Spellcasting
 + Level 1.6 Conjurations
 + Level 3.9 Fire Magic


You had one spell level left.
You knew the following spells:

 Your Spells              Type           Power        Failure   Level  Hunger
a - Flame Tongue          Conj/Fire      ##...        10%         1    #......
b - Throw Flame           Conj/Fire      ##....       12%         2    ###....
c - Sticky Flame          Conj/Fire      ##......     78%         4    #####..


Dungeon Overview and Level Annotations

Branches:
Dungeon (3/15)

Altars:
The Shining One
Beogh

Annotations:
D:3 Grinder


Innate Abilities, Weirdness & Mutations

Your plain brown scales are hard. (AC +5)
You cannot fit into any form of body armour.
You are cold-blooded and may be slowed by cold attacks.


Message History

Casting: Flame Tongue
Confirm with . or Enter, or press ? or * to list all spells.
Aiming: Flame Tongue
Press: ? - help, Shift-Dir - straight line, f/p - Grinder
Aim: Grinder (moderately wounded)
You miscast Flame Tongue.
Nothing appears to happen.
Grinder blinks!
You see here a ruby potion.
e - a ruby potion It was a potion of agility.
You feel agile all of a sudden.
Grinder blinks!
You barely miss Grinder.
Grinder is moderately wounded.
Grinder barely misses you. Grinder hits you.
* * * LOW HITPOINT WARNING * * *
You barely miss Grinder.
Grinder is moderately wounded.
Grinder gestures at you. Pain shoots through your body!
You die...

#..
#....#......
###..###.##...#
#...†....###.##
#....#.### #.#
....####.# #.#
... #.# #.# #
#.# #.# #.##
#5# #..# #@#
#..# ##.# #.#
#..# #.# #.#
#..# #.# #.#
#..# #.# #.#
#..### #.# #.#
#....###.# #.#
#..<..##.# #.#
#........# #.#


You could see Grinder.

Vanquished Creatures
  A gnoll (D:1)
  4 adders
  A worm (D:2)
  3 dart slugs
  A leopard gecko (D:3)
  2 ball pythons (D:2)
  3 bats
  4 giant cockroaches
  7 goblins
  3 hobgoblins
  5 kobolds
  2 frilled lizards
  6 rats
42 creatures vanquished.

Notes
Turn   | Place    | Note
-------+----------+-------------------------------------------
     0 | D:1      | JeffiDaFish the Draconian Fire Elementalist began the quest for the Orb.
     0 | D:1      | Reached XP level 1. HP: 14/14 MP: 3/3
   267 | D:1      | Reached XP level 2. HP: 20/20 MP: 1/5
   314 | D:1      | Learned a level 2 spell: Throw Flame
   924 | D:1      | Reached XP level 3. HP: 24/26 MP: 2/6
  1090 | D:1      | Found a roughly hewn altar of Beogh.
  1125 | D:1      | Noticed an orc warrior
  1342 | D:2      | Found a glowing golden altar of the Shining One.
  1803 | D:2      | Reached XP level 4. HP: 34/34 MP: 4/7
  2012 | D:2      | Learned a level 4 spell: Sticky Flame
  2043 | D:3      | Noticed Grinder
  2077 | D:3      | Paralysed by Grinder for 3 turns
  2088 | D:3      | Killed from afar by Grinder

Skill      XL: |  1  2 |
---------------+-------+-----
Dodging        | 2 |  2.5
Fighting       | |  0.9
Short Blades   | |  0.2
Polearms       | |  0.4
Stealth        | |  1.7
Unarmed Combat | |  0.2
Spellcasting   | |  2.5
Conjurations   | |  1.6
Fire Magic     | |  3.9

Action                   |  1- 3 |  4- 6 || total
-------------------------+-------+-------++-------
Melee: Unarmed           |    16 |       ||    16
       Tailslap          |     5 |     1 ||     6
       Short sword       |    45 |       ||    45
       Spear             |    18 |    18 ||    36
 Cast: Flame Tongue      |    21 |    12 ||    33
       Throw Flame       |     8 |     5 ||    13
  Use: Scroll            |     4 |       ||     4
       Potion            |     3 |     2 ||     5
 Stab: Sleeping          |       |     1 ||     1
  Eat: Chunk             |     4 |     1 ||     5
Armor: Skin              |    20 |     3 ||    23
Dodge: Dodged            |    45 |     8 ||    53
